 Dungeon Sprint DCSS version 0.30-a0-1160-g6e42c06551 (webtiles) character file.

Game seed: 16147740626161164115

3700000 sircluck the Axe Maniac (level 20, -1/216 HPs)
             Began as a Hill Orc Berserker on Apr 25, 2023.
             Was the Champion of Trog.
             Engulfed by a cloud of flame (20 damage)
             ... in the Dungeon (Sprint VIII: "Arena of Blood").
             The game lasted 00:01:24 (37 turns).

sircluck the Axe Maniac (Hill Orc Berserker)          Turns: 37, Time: 00:01:25

Health: -1/216     AC:  4    Str: 29    XL:     20   Next: 85%
Magic:  18/34      EV: 22    Int:  7    God:    Trog [******]
Gold:   0          SH:  0    Dex: 10    Spells: 19/19 levels left

rFire   . . .        i - +∞ Axe of Woe
rCold   . . .        (shield currently unavailable)
rNeg    . . .        b - +0 animal skin
rPois   .            (no helmet)
rElec   .            (no cloak)
rCorr   .            (no gloves)
SInv    .            (no boots)
Will    +....        (no amulet)
Stlth   ++++++       (no ring)
HPRegen 0.56/turn    (no ring)
MPRegen 0.24/turn

%: no teleportation
@: on berserk cooldown, slowed, very slow
A: no striking features
a: Renounce Religion, Berserk, Trog's Hand, Brothers in Arms


You were in the Dungeon.
You worshipped Trog.
Trog was exalted by your worship.
You visited 1 branch

Inventory:

Hand Weapons
 a - a +0 hand axe
 i - the +∞ Axe of Woe (weapon)
   (You found it in the Dungeon)
Armour
 b - a +0 animal skin (worn)
Scrolls
 h - a scroll of blinking
Potions
 c - a potion of curing
 d - a potion of heal wounds
 e - a potion of haste
 f - 2 potions of magic
 g - a potion of berserk rage


   Skills:
 O Level 27 Fighting
 + Level 17.6(20.4) Short Blades
 + Level 19.0(22.1) Long Blades
 O Level 27 Axes
 + Level 19.0(25.7) Maces & Flails
 + Level 19.0(25.7) Polearms
 + Level 15.3(20.6) Staves
 + Level 15.3 Ranged Weapons
 + Level 15.3 Throwing
 O Level 27 Armour
 O Level 27 Dodging
 + Level 15.3 Stealth
 + Level 18.0 Shields
 + Level 18.0 Unarmed Combat
 + Level 21.0 Invocations
 + Level 16.6 Evocations


You had 19 spell levels left.
You didn't know any spells.
Your spell library was empty.

Dungeon Overview and Level Annotations

Branches:
Dungeon (1/1)

Altars:
Makhleb

Annotations:
D The Servant


Message History

Trog accepts your kill.
You hear a shout! x2
The bag of meat is engulfed in blazing flames.
The large bag of meat is engulfed in blazing flames.
You hear a shout!
Your base Short Blades skill increases to level 17!
Your base Long Blades skill gained 2 levels and is now at level 19!
Your base Maces & Flails skill gained 2 levels and is now at level 19!
Your base Polearms skill gained 2 levels and is now at level 19!
Your base Staves skill increases to level 15!
Your Ranged Weapons skill increases to level 15!
Your Throwing skill increases to level 15!
Your Stealth skill increases to level 15!
Your Shields skill increases to level 18!
Your Unarmed Combat skill increases to level 18!
Your Invocations skill gained 2 levels and is now at level 21!
Your Evocations skill increases to level 16!
You are no longer berserk.
You are exhausted.
You feel yourself slow down.
You hear a shout! x3
The bag of meat is engulfed in blazing flames.
You slash the bag of meat!
You dissect the bag of meat like a pig carcass.
You kill the bag of meat!
Trog accepts your kill.
You slash the large bag of meat!
Flame seeps out of the large bag of meat.
You fatally mangle the large bag of meat.
Trog accepts your kill.
The large bag of meat explodes!
The fiery explosion engulfs The Servant!!
The fiery explosion engulfs you.
* * * LOW HITPOINT WARNING * * *
The fiery explosion engulfs the meat berserker!!
The fiery explosion engulfs the bag of meat!!!
The destroyer appears out of thin air!
A destroyer comes into view. It is wielding a +9 heavy great sword.
You are engulfed in blazing flames.
You die...

....#...))o.)_......
........)...###......
.......###)......###.
.........#)......#
.........#§o.....#
#........Oo§......
#.#...@)O§§......
#...V.○§........
#.#..)@§oo.......
#.....#...O....#
.................#
.......##.#.......
#...... ....z....
...#### ..#.... ...
....... ## ..


You could see The Servant, a destroyer (wandering), a sculptor of flesh, a large
bag of meat (inner flame), 2 meat berserkers and 4 bags of meat.

Vanquished Creatures
  2 vampire knights (D)
  12 ogres (D)
  2 two-headed ogres (D)
  18 orcs (D)
  A skeletal warrior (D)
35 creatures vanquished.

Notes
Turn   | Place    | Note
-------+----------+-------------------------------------------
     0 | D        | Found the +∞ Axe of Woe
     0 | D        | sircluck the Hill Orc Berserker began the quest for the
                  | Orb.
     0 | D        | Reached XP level 1. HP: 19/19 MP: 1/1
     1 | D        | Noticed a meat berserker
     4 | D        | Noticed a bag of meat
     5 | D        | Killed a meat berserker
     5 | D        | Noticed a meat berserker
     6 | D        | Reached XP level 2. HP: 60/60 MP: 2/2
     6 | D        | Reached XP level 3. HP: 67/67 MP: 3/3
     6 | D        | Reached XP level 4. HP: 75/75 MP: 4/4
     6 | D        | Reached XP level 5. HP: 82/82 MP: 5/5
     6 | D        | Reached XP level 6. HP: 91/91 MP: 6/6
     6 | D        | Reached XP level 7. HP: 97/97 MP: 7/7
     6 | D        | Reached XP level 8. HP: 106/106 MP: 8/8
     6 | D        | Reached XP level 9. HP: 113/113 MP: 9/9
     6 | D        | Reached XP level 10. HP: 122/122 MP: 10/10
     6 | D        | Reached XP level 11. HP: 128/128 MP: 11/11
     6 | D        | Reached XP level 12. HP: 137/137 MP: 12/12
     7 | D        | Noticed a bag of meat
     7 | D        | Noticed a bag of meat
     8 | D        | Killed a meat berserker
     8 | D        | Reached ** piety under Trog
     8 | D        | Killed a bag of meat
     8 | D        | Noticed a meat berserker
     9 | D        | Reached skill level 27 in Axes
     9 | D        | Reached XP level 13. HP: 157/157 MP: 13/13
     9 | D        | Noticed a meat berserker
     9 | D        | Noticed a meat berserker
    10 | D        | Noticed a meat berserker
    11 | D        | Noticed a bag of meat
    12 | D        | Killed a bag of meat
    12 | D        | Killed a meat berserker
    13 | D        | Reached skill level 27 in Fighting
    13 | D        | Reached skill level 15 in Dodging
    13 | D        | Reached XP level 14. HP: 168/168 MP: 14/14
    13 | D        | Killed a bag of meat
    13 | D        | Reached *** piety under Trog
    13 | D        | Killed a meat berserker
    14 | D        | Reached XP level 15. HP: 174/174 MP: 15/15
    14 | D        | Noticed a meat berserker
    14 | D        | Killed a meat berserker
    14 | D        | Noticed a meat berserker
    15 | D        | Reached **** piety under Trog
    16 | D        | Reached skill level 27 in Armour
    16 | D        | Reached XP level 16. HP: 183/183 MP: 16/16
    16 | D        | Noticed a large bag of meat
    16 | D        | Noticed a meat berserker
    17 | D        | Killed a meat berserker
    18 | D        | Noticed a large bag of meat
    18 | D        | Noticed a meat berserker
    19 | D        | Killed a meat berserker
    19 | D        | Noticed a meat berserker
    20 | D        | Noticed a large bag of meat
    21 | D        | Noticed a destroyer
    22 | D        | Reached skill level 27 in Dodging
    22 | D        | Reached XP level 17. HP: 191/191 MP: 17/17
    22 | D        | Reached ***** piety under Trog
    22 | D        | Noticed a meat berserker
    23 | D        | Reached skill level 5 in Invocations
    23 | D        | Killed a meat berserker
    24 | D        | Reached skill level 5 in Staves
    24 | D        | Reached skill level 5 in Ranged Weapons
    24 | D        | Reached skill level 5 in Throwing
    24 | D        | Reached skill level 5 in Stealth
    24 | D        | Reached skill level 5 in Evocations
    24 | D        | Noticed a meat berserker
    25 | D        | Noticed a destroyer
    26 | D        | Killed a meat berserker
    26 | D        | Received a gift from Trog
    27 | D        | Reached skill level 10 in Short Blades
    27 | D        | Reached skill level 10 in Shields
    27 | D        | Reached skill level 10 in Unarmed Combat
    27 | D        | Reached XP level 18. HP: 200/200 MP: 17/27
    27 | D        | Killed a meat berserker
    28 | D        | Reached skill level 10 in Evocations
    28 | D        | Killed a meat berserker
    28 | D        | Reached ****** piety under Trog
    28 | D        | Received a gift from Trog
    28 | D        | Killed a large bag of meat
    28 | D        | Noticed The Servant
    29 | D        | Reached skill level 15 in Long Blades
    29 | D        | Reached skill level 15 in Maces & Flails
    29 | D        | Reached skill level 15 in Polearms
    29 | D        | Reached XP level 19. HP: 207/207 MP: 17/31
    30 | D        | Killed a destroyer
    30 | D        | Killed a destroyer
    30 | D        | Received a gift from Trog
    31 | D        | Reached skill level 15 in Evocations
    31 | D        | Reached XP level 20. HP: 64/216 MP: 17/33
    34 | D        | Noticed a meat berserker
    35 | D        | Killed a meat berserker
    35 | D        | Received a gift from Trog
    36 | D        | Reached skill level 15 in Staves
    36 | D        | Reached skill level 15 in Ranged Weapons
    36 | D        | Reached skill level 15 in Throwing
    36 | D        | Reached skill level 15 in Stealth
    37 | D        | Killed a large bag of meat
    37 | D        | Engulfed by a cloud of flame

Illustrated notes

Levels and vault maps discovered:
D:        meatsprint

Skill      XL: |  1  2  3  4  5  6  7  8  9 10 11 12 13 14 15 16 17 18 19 20 |
---------------+-------------------------------------------------------------+-----
Fighting       | 21 26 27 | 27.0
Axes           | 23 27 | 27.0
Armour         | 11 14 20 24 27 | 27.0
Dodging        | 8 11 15 18 21 27 | 27.0
Short Blades   | 10 13 16 17 | 17.6
Long Blades    | 11 15 17 19 | 19.0
Maces & Flails | 11 15 17 19 | 19.0
Polearms       | 11 15 17 19 | 19.0
Staves         | 8 12 13 15 | 15.3
Ranged Weapons | 8 12 13 15 | 15.3
Throwing       | 8 12 13 15 | 15.3
Stealth        | 8 12 13 15 | 15.3
Shields        | 10 14 16 18 | 18.0
Unarmed Combat | 10 14 16 18 | 18.0
Invocations    | 12 16 19 21 | 21.0
Evocations     | 9 13 15 16 | 16.6

Action                     |  1- 3 |  4- 6 |  7- 9 | 10-12 | 13-15 | 16-18 | 19-21 || total
---------------------------+-------+-------+-------+-------+-------+-------+-------++-------
  Melee: Executioner's axe |     1 |       |       |     1 |     4 |     9 |     4 ||    19
 Invoke: Berserk           |       |       |       |       |     1 |       |       ||     1
  Dodge: Dodged            |       |       |       |       |       |       |     1 ||     1

Table legend: (Time is in decaauts)
 A = Elapsed time spent in this place.
 B = Non-inter-level travel time spent in this place.
 C = Inter-level travel time spent in this place.
 D = Time resting spent in this place.
 E = Time spent auto-exploring this place.
 F = Levels seen in this place.
 G = Mean time per level.
                   A        B        C        D        E       F      G
               +--------+--------+--------+--------+--------+-----+--------+
         Total |     25 |     25 |      0 |      0 |      0 |   1 |   25.0 |
       Dungeon |     25 |     25 |      0 |      0 |      0 |   1 |   25.0 |
               +--------+--------+--------+--------+--------+-----+--------+

Top non-repeatable levels by time:
       D: 25 daAuts
